[Event "Titled Tuesday Blitz February 21 Early 2023"]
[White "Kiselev, Pavel"]
[Black "Jaivardhan Raj"]
[WhiteFideId "4191102"]
[BlackFideId "25744437"]
[WhiteElo "2245"]
[BlackElo "1901"]
[Result "0-1"]
[Round "11"]
[TimeControl "180+2"]
[Date "2023.02.21"]
[WhiteClock "0:00:04"]
[BlackClock "0:00:10"]

1. Nf3 d5 2. d4 Nf6 3. c4 c6 4. e3 e6 5. Be2 Nbd7 6. Nc3 Bb4 7. Bd2 O-O 8. a3 Bxc3 9. Bxc3 Ne4 10. O-O f5 11. cxd5 exd5 12. Qb3 Ndf6 13. Ne5 Nxc3 14. bxc3 Ne4 15. f3 Nd2 16. Qc2 Nxf1 17. Rxf1 f4 18. e4 dxe4 19. fxe4 Be6 20. Qd2 Qh4 21. Nf3 Qh6 22. Ne5 Rad8 23. Bf3 c5 24. Qb2 cxd4 25. cxd4 b6 26. d5 Bc8 27. Nc6 Rde8 28. e5 Qg5 29. d6 Bd7 30. Ne7+ Rxe7 31. dxe7 Qxe7 32. Rd1 Qc5+ 33. Kh1 Be6 34. Rd6 Rc8 35. h3 Qc1+ 36. Qxc1 Rxc1+ 37. Kh2 Kf7 38. Rd4 g5 39. Bh5+ Ke7 40. Bf3 Rc3 41. h4 h6 42. hxg5 hxg5 43. a4 Rc2 44. Be4 Ra2 45. Bc6 Ra3 46. Kg1 Ra2 47. Kh2 Re2 48. Bf3 Rc2 49. Bb7 Rc7 50. Be4 Rc3 51. Bd3 Ra3 52. Bb5 Ra2 53. Kg1 Ra1+ 54. Kf2 Ra2+ 55. Kf3 g4+ 56. Kxf4 Rxg2 57. Kg5 Rf2 58. Kh4 Rh2+ 59. Kg3 Rh3+ 60. Kg2 Ra3 61. Be2 Ra2 62. Kf1 g3 63. Bf3 Bh3+ 64. Kg1 Ra1+ 65. Rd1 Rxa4 66. Re1 Rf4 67. Bd5 a5 68. Be4 a4 69. Bd5 a3 70. Bc4 g2 71. Bb3 Rf1+ 72. Rxf1 gxf1=Q+ 73. Kh2 Qg2# 0-1


[Site "https://www.chess.com"]

[Event "Titled Tuesday Blitz February 21 Early 2023"]
[White "Castillo Pena, Patricia Evarista"]
[Black "Thiel, Thomas"]
[WhiteFideId "6412106"]
[BlackFideId "4615964"]
[WhiteElo "1783"]
[BlackElo "2234"]
[Result "0-1"]
[Round "11"]
[TimeControl "180+2"]
[Date "2023.02.21"]
[WhiteClock "0:00:02"]
[BlackClock "0:00:44"]

1. d4 Nf6 2. Nf3 g6 3. Nc3 d5 4. Bf4 Bg7 5. e3 O-O 6. Be2 c6 7. Ne5 Nbd7 8. h4 h5 9. Qd2 Ne4 10. Nxe4 dxe4 11. Nxd7 Bxd7 12. O-O-O Be6 13. Kb1 Qb6 14. Be5 Bxe5 15. dxe5 Rfd8 16. Qc3 Rxd1+ 17. Rxd1 Rd8 18. Rd4 c5 19. Rxd8+ Qxd8 20. b3 b6 21. Kb2 Bf5 22. Bc4 e6 23. Bb5 Qxh4 24. Qd2 Kg7 25. g3 Qe7 26. Qd6 Qxd6 27. exd6 Kf6 28. Kc3 g5 29. Kd2 h4 30. gxh4 gxh4 31. Bf1 h3 32. c4 h2 33. Bg2 e5 34. Ke2 Ke6 35. f3 exf3+ 36. Bxf3 Kxd6 37. Bh1 Bb1 38. a3 Ba2 0-1


[Site "https://www.chess.com"]

[Event "Titled Tuesday Blitz February 21 Early 2023"]
[White "Ghosh, Chanchal Kumer"]
[Black "Mushini Ajay"]
[WhiteFideId "10201858"]
[BlackFideId "35066188"]
[WhiteElo "2020"]
[BlackElo "2310"]
[Result "0-1"]
[Round "11"]
[TimeControl "180+2"]
[Date "2023.02.21"]
[WhiteClock "0:00:01"]
[BlackClock "0:00:06"]

1. e4 e5 2. Nf3 Nc6 3. Bc4 Nf6 4. Ng5 d5 5. exd5 Na5 6. Bb5+ c6 7. dxc6 bxc6 8. Qf3 cxb5 9. Qxa8 Bc5 10. b4 Bxb4 11. Qxa7 O-O 12. O-O h6 13. Nf3 Nc6 14. Qe3 Re8 15. a3 Ba5 16. Bb2 Bb6 17. Qb3 e4 18. Ne1 Nd4 19. Bxd4 Bxd4 20. Nc3 Ng4 21. h3 Ne5 22. Rb1 Be6 23. Qxb5 Bc4 24. Qb7 f5 25. d3 Bxc3 26. dxc4 Nxc4 27. Qc6 Qc8 28. Qxc8 Rxc8 29. Rb3 Nd2 30. Rb7 Ra8 31. f3 Bd4+ 32. Kh1 Nxf1 33. fxe4 Ng3+ 34. Kh2 Nxe4 35. Nf3 Bf6 36. Rb3 Nc5 37. Rb5 Ne6 38. Rb6 Nd4 39. Nxd4 Bxd4 40. Rb3 Bc5 41. Rb5 Bd6+ 42. Kg1 f4 0-1


[Site "https://www.chess.com"]

[Event "Titled Tuesday Blitz February 21 Early 2023"]
[White "Buganca, Luiz Henrique Da Silva"]
[Black "Sabar, Ethmane Daouda"]
[WhiteFideId "2182289"]
[BlackFideId "19600097"]
[WhiteElo "1920"]
[BlackElo "2040"]
[Result "1-0"]
[Round "11"]
[TimeControl "180+2"]
[Date "2023.02.21"]
[WhiteClock "0:01:34"]
[BlackClock "0:00:12"]

1. d4 d5 2. c4 e5 3. cxd5 Qxd5 4. dxe5 Qxd1+ 5. Kxd1 Nc6 6. Nf3 Bf5 7. Bd2 O-O-O 8. a3 f6 9. exf6 Nxf6 10. Nc3 Ng4 11. Ke1 Bc5 12. e3 Rhe8 13. h3 Nge5 14. Be2 Nd3+ 15. Bxd3 Bxd3 16. Rc1 a5 17. Ne2 Bb6 18. Bc3 g6 19. Nf4 Ba6 20. Ng5 Rd7 21. Rd1 Rde7 22. Nd5 Rd7 23. Nxb6+ cxb6 24. Rxd7 Kxd7 25. Kd2 b5 26. Rd1 b4 27. Kc2+ Kc8 28. axb4 axb4 29. Bd4 h6 30. Nf7 Re6 31. Nxh6 Na5 32. b3 b6 33. Kb2 Bb7 34. f3 Bd5 35. Rc1+ Kb7 36. Nf7 Ka6 37. Nd8 Nxb3 38. Nxe6 Nxc1 39. Nc7+ Kb7 40. Nxd5 Ne2 41. Bxb6 1-0


[Site "https://www.chess.com"]

[Event "Titled Tuesday Blitz February 21 Early 2023"]
[White "Gamage, Wanshini Vidusama"]
[Black "Michalski, Olaf"]
[WhiteFideId "9953752"]
[BlackFideId "1106740"]
[WhiteElo "1089"]
[BlackElo "2273"]
[Result "1-0"]
[Round "11"]
[TimeControl "180+2"]
[Date "2023.02.21"]
[WhiteClock "0:00:34"]
[BlackClock "0:00:01"]

1. d4 d6 2. c4 g6 3. Nc3 Bg7 4. Nf3 Nc6 5. e4 Bg4 6. Be3 e5 7. dxe5 dxe5 8. Qxd8+ Rxd8 9. Nd5 Rd7 10. Nd2 Nd4 11. Rc1 c6 12. Nc3 Ne7 13. f3 Be6 14. b3 b6 15. Ne2 O-O 16. Bxd4 exd4 17. Nf4 Bh6 18. Nxe6 fxe6 19. Bd3 c5 20. Ke2 Nc6 21. Rcf1 Be3 22. g3 e5 23. a3 Kf7 24. f4 Ke6 25. f5+ Ke7 26. Nf3 g5 27. h4 g4 28. Ng5 Kf6 29. Ne6 Rg8 30. h5 Nd8 31. Nxd8 Rdxd8 32. Rh4 Kg5 33. Kd1 h6 34. Kc2 Rb8 35. Be2 Kf6 36. Kd3 Rg5 37. b4 a6 38. Rb1 1-0


[Site "https://www.chess.com"]

[Event "Titled Tuesday Blitz February 21 Early 2023"]
[White "Better_Chess_Faster"]
[Black "Levitan, Caleb Levi"]
[BlackFideId "14332620"]
[WhiteElo "1968"]
[BlackElo "2129"]
[Result "0-1"]
[Round "11"]
[TimeControl "180+2"]
[Date "2023.02.21"]
[WhiteClock "0:00:47"]
[BlackClock "0:00:11"]

1. c4 e6 2. g3 d5 3. Nf3 Nf6 4. Bg2 dxc4 5. Qa4+ Nbd7 6. O-O a6 7. Qxc4 b5 8. Qc2 Bb7 9. d3 Be7 10. Nc3 O-O 11. a4 b4 12. Nb1 c5 13. Nbd2 Nb6 14. b3 Nfd5 15. Bb2 Rc8 16. e4 Nf6 17. a5 Nbd7 18. Nc4 Bc6 19. Rad1 Bb5 20. Ra1 Bxc4 21. dxc4 Nb8 22. Rfd1 Qc7 23. e5 Nfd7 24. Qe4 Nc6 25. h4 Rfd8 26. Ng5 Bxg5 27. hxg5 Ncxe5 28. f4 Ng6 29. Bh3 Ndf8 30. Bg4 Rxd1+ 31. Rxd1 Rd8 32. Kg2 Rxd1 33. Bxd1 Qxa5 34. g4 Qa2 35. Qc2 Nxf4+ 36. Kg3 Nd3 37. Qxd3 Qxb2 38. Bc2 Qc3 39. Kf4 Ng6+ 40. Ke4 Qe5+ 41. Kf3 Nh4+ 42. Kf2 Qf4+ 43. Ke1 Nf3+ 44. Kd1 g6 45. Bb1 Nd4 46. Qe4 Qxe4 47. Bxe4 Nxb3 48. Kc2 Nd4+ 49. Kb2 a5 50. Bg2 a4 51. Bf1 a3+ 52. Ka2 Kf8 53. Bd3 Ke7 54. Bc2 f6 55. gxf6+ Kxf6 56. Bd1 Kg5 57. Kb1 h5 58. Ba4 hxg4 59. Bd1 g3 60. Bf3 Nxf3 61. Ka2 g2 0-1


[Site "https://www.chess.com"]

[Event "Titled Tuesday Blitz February 21 Early 2023"]
[White "Tarnowska, Aleksandra"]
[Black "Buscar, Michael"]
[WhiteFideId "1180967"]
[BlackFideId "2603616"]
[WhiteElo "1835"]
[BlackElo "2041"]
[Result "0-1"]
[Round "11"]
[TimeControl "180+2"]
[Date "2023.02.21"]
[WhiteClock "0:00:01"]
[BlackClock "0:01:11"]

1. e4 c5 2. Nf3 Nc6 3. Bb5 Nf6 4. e5 Nd5 5. O-O g6 6. Bc4 Nc7 7. c3 Bg7 8. d4 cxd4 9. cxd4 d5 10. exd6 Qxd6 11. Nc3 Bg4 12. Ne4 Qb4 13. Bxf7+ Kxf7 14. Nfg5+ Kg8 15. Qxg4 Qxd4 16. Ne6 Qe5 17. Nxc7 Qxc7 18. Qe6+ Kf8 19. Ng5 Nd8 20. Qe4 Qe5 21. Qf3+ Qf6 22. Qb3 h6 23. Nf3 Qe6 24. Qa4 Kg8 25. Bf4 Kh7 26. Rae1 Qc6 27. Qb3 Rf8 28. Bg3 Qf6 29. Be5 Qf7 30. Bxg7 Qxg7 31. Ne5 Rc8 32. Nd7 Rf5 33. Qe3 Nc6 34. g3 Qxb2 35. Qe6 Rd8 36. Rc1 Qg7 0-1


[Site "https://www.chess.com"]

[Event "Titled Tuesday Blitz February 21 Early 2023"]
[White "Broca Jimenez, Fernando"]
[Black "Larina, Maria"]
[WhiteFideId "5104742"]
[BlackFideId "24113182"]
[WhiteElo "2075"]
[BlackElo "1948"]
[Result "0-1"]
[Round "11"]
[TimeControl "180+2"]
[Date "2023.02.21"]
[WhiteClock "0:00:01"]
[BlackClock "0:00:42"]

1. e4 c6 2. d4 d5 3. Nc3 dxe4 4. Nxe4 Nf6 5. Nxf6+ exf6 6. Bf4 Bd6 7. Qd2 O-O 8. Bd3 Re8+ 9. Ne2 Bg4 10. f3 Bh5 11. O-O Bg6 12. Bxd6 Qxd6 13. Bxg6 hxg6 14. c3 c5 15. Rad1 Qa6 16. Nc1 cxd4 17. Qxd4 Nc6 18. Qd3 Qb6+ 19. Kh1 Rad8 20. Qc2 Rxd1 21. Rxd1 Qe3 22. h3 Ne5 23. Rf1 g5 24. Nb3 Ng6 25. Qd2 Qxd2 26. Nxd2 Re2 27. Rd1 Nf4 28. Ne4 Rxg2 29. Rd8+ Kh7 30. Rd7 Rxb2 31. Rxf7 Kg6 32. Rc7 Nxh3 0-1


[Site "https://www.chess.com"]

[Event "Titled Tuesday Blitz February 21 Early 2023"]
[White "Thomas, Anysia"]
[Black "Seifert, Henryk"]
[WhiteFideId "670472"]
[BlackFideId "1100963"]
[WhiteElo "2147"]
[BlackElo "2106"]
[Result "1-0"]
[Round "11"]
[TimeControl "180+2"]
[Date "2023.02.21"]
[WhiteClock "0:00:03"]
[BlackClock "0:00:02"]

1. d4 d5 2. c4 c6 3. Nf3 e6 4. e3 Nf6 5. Qc2 Be7 6. b3 b6 7. Bb2 Bb7 8. Be2 Nbd7 9. O-O Rc8 10. Nc3 O-O 11. e4 dxe4 12. Nxe4 Nxe4 13. Qxe4 Nf6 14. Qc2 c5 15. Rad1 Qc7 16. dxc5 bxc5 17. Be5 Qc6 18. Rfe1 Rfd8 19. Bd3 h6 20. Qe2 Rd7 21. Bc2 Rcd8 22. h3 a5 23. Rxd7 Rxd7 24. Rd1 Rxd1+ 25. Qxd1 Qd7 26. Qe2 Bd8 27. Bc3 Bc7 28. Ne5 Bxe5 29. Bxe5 Qc6 30. f3 Nd7 31. Bc3 Qd6 32. Bxa5 Qd4+ 33. Qf2 Qa1+ 34. Kh2 g6 35. Bd3 Qd1 36. Bd2 Ne5 37. Be4 Bxe4 38. fxe4 Kg7 39. Bc3 Qd6 40. Qg3 f6 41. Bxe5 fxe5 42. a4 Qd4 43. Qf3 g5 44. a5 Qa1 45. Qe3 Qxa5 46. Qd3 Qc7 47. Qc3 Kf6 48. b4 cxb4 49. Qxb4 Qc6 50. Qf8+ Kg6 51. Qg8+ Kf6 52. Qh8+ Kg6 53. Qg8+ Kf6 54. Qd8+ Kg6 55. Qd3 Qc5 56. Kg3 h5 57. Kf3 1-0


[Site "https://www.chess.com"]

[Event "Titled Tuesday Blitz February 21 Early 2023"]
[White "Desideri, Ricardo Maruchi"]
[Black "Winkels, Marcel"]
[WhiteFideId "2110440"]
[BlackFideId "1003887"]
[WhiteElo "1959"]
[BlackElo "1960"]
[Result "1-0"]
[Round "11"]
[TimeControl "180+2"]
[Date "2023.02.21"]
[WhiteClock "0:00:47"]
[BlackClock "0:00:02"]

1. e4 c5 2. Nf3 d6 3. d4 cxd4 4. Nxd4 Nf6 5. Nc3 a6 6. Rg1 h5 7. h3 h4 8. f4 Nbd7 9. Be3 g6 10. Qd2 b5 11. a3 Bb7 12. Bd3 Bg7 13. O-O-O O-O 14. Qf2 e5 15. Nde2 Nh5 16. f5 Rc8 17. Rdf1 d5 18. exd5 e4 19. Bxe4 Ndf6 20. Bf3 Nxd5 21. Rd1 Qf6 22. Bd4 Qd6 23. Nxd5 Bxd5 24. Bxg7 Kxg7 25. Rxd5 Qc6 26. Qd4+ Nf6 27. c3 1-0


[Site "https://www.chess.com"]

[Event "Titled Tuesday Blitz February 21 Early 2023"]
[White "Clawitter, Craig"]
[Black "Jesusesmifuerza"]
[WhiteFideId "2023105"]
[WhiteElo "2050"]
[BlackElo "2002"]
[Result "1-0"]
[Round "11"]
[TimeControl "180+2"]
[Date "2023.02.21"]
[WhiteClock "0:00:09"]
[BlackClock "0:00:05"]

1. e4 c5 2. Nf3 e6 3. d4 cxd4 4. Nxd4 Nf6 5. Nc3 Nc6 6. Ndb5 Bc5 7. Bf4 O-O 8. Bc7 Qe7 9. Bd6 Bxd6 10. Qxd6 Qd8 11. O-O-O a6 12. Nd4 Qb6 13. Nxc6 Qxc6 14. f3 b5 15. Qxc6 dxc6 16. Rd6 Bb7 17. Be2 Rfd8 18. Rhd1 Rxd6 19. Rxd6 Kf8 20. e5 Nd5 21. Ne4 Ke7 22. Nc5 Bc8 23. Rxc6 Nf4 24. Bf1 Ng6 25. Rc7+ Ke8 26. Nd3 Ne7 27. f4 Nd5 28. Rc5 Bb7 29. g3 Ne3 30. Bh3 Rc8 31. Rxc8+ Bxc8 32. b3 Bb7 33. Kd2 Nd5 34. Bg2 Bc8 35. c4 bxc4 36. bxc4 Nb6 37. Kc3 Kd7 38. Kb4 Kc7 39. a4 Nd7 40. a5 Nb8 41. Nc5 Nc6+ 42. Bxc6 Kxc6 43. Nb3 g6 44. Nd4+ Kc7 45. Kc5 Bd7 46. Nb3 Ba4 47. Nd2 Bc2 48. Nf3 Be4 49. Ng5 Kd7 50. Nxe4 Ke7 51. Nd6 Kd7 52. Nc8 Kxc8 53. Kb6 Kb8 54. Kxa6 Ka8 55. Kb6 Kb8 56. Kc6 Kc8 57. Kd6 Kb7 58. c5 Kc8 59. c6 Kb8 60. a6 Kc8 61. c7 f6 62. exf6 g5 63. f7 h5 64. f8=Q# 1-0


[Site "https://www.chess.com"]

[Event "Titled Tuesday Blitz February 21 Early 2023"]
[White "Manukian, Artak"]
[Black "Suduvasachmatai"]
[WhiteFideId "13301373"]
[WhiteElo "2196"]
[BlackElo "2100"]
[Result "1-0"]
[Round "11"]
[TimeControl "180+2"]
[Date "2023.02.21"]
[WhiteClock "0:00:55"]
[BlackClock "0:00:58"]

1. e4 c5 2. Nf3 d6 3. Bb5+ Bd7 4. Bxd7+ Qxd7 5. c4 Nf6 6. Nc3 Nc6 7. d4 e6 8. O-O cxd4 9. Nxd4 Be7 10. b3 O-O 11. Bb2 a6 12. a4 Ne8 13. Qd2 Nxd4 14. Qxd4 Bf6 15. Qd2 Nc7 16. Rad1 Rad8 17. Ba3 Qc6 18. Qe3 Rfe8 19. Ne2 d5 20. e5 Be7 21. Nd4 Qb6 22. Bxe7 Rxe7 23. Nf5 Qb4 24. Nxe7+ Qxe7 25. Qb6 Rc8 26. Rc1 Na8 27. Qd6 Qe8 28. cxd5 Rd8 29. Qb4 exd5 30. Qxb7 Rb8 31. Qxd5 Nb6 32. Qc6 Qxe5 33. Rfe1 Qxe1+ 34. Rxe1 1-0


[Site "https://www.chess.com"]

[Event "Titled Tuesday Blitz February 21 Early 2023"]
[White "Vargas, Mauricio"]
[Black "Bongo Akanga Ndjila, Barthelemy"]
[WhiteFideId "4404572"]
[BlackFideId "10609431"]
[WhiteElo "2035"]
[BlackElo "1824"]
[Result "0-1"]
[Round "11"]
[TimeControl "180+2"]
[Date "2023.02.21"]
[WhiteClock "0:00:12"]
[BlackClock "0:01:45"]

1. e4 e5 2. Nf3 Nc6 3. Bc4 Nf6 4. O-O Bc5 5. d4 Bxd4 6. Nxd4 Nxd4 7. Bg5 h6 8. Bh4 g5 9. Bg3 d6 10. Re1 O-O 11. h4 Bg4 12. f3 Be6 13. hxg5 hxg5 14. Qd2 Nh5 15. Bf2 Bxc4 16. Bxd4 exd4 17. Qxd4 Be6 18. Nc3 Qf6 19. Qb4 b6 20. Rad1 a5 21. Qb5 Nf4 22. g3 Nh3+ 23. Kg2 g4 24. f4 Kg7 25. Nd5 Bxd5 26. Rxd5 a4 27. e5 dxe5 28. Rexe5 Ra5 29. Rg5+ Nxg5 30. Rxg5+ Qxg5 0-1


[Site "https://www.chess.com"]

[Event "Titled Tuesday Blitz February 21 Early 2023"]
[White "Mitrovic, Darko R"]
[Black "Zhao, Harry"]
[WhiteFideId "927023"]
[BlackFideId "2620413"]
[WhiteElo "2220"]
[BlackElo "1981"]
[Result "1-0"]
[Round "11"]
[TimeControl "180+2"]
[Date "2023.02.21"]
[WhiteClock "0:02:37"]
[BlackClock "0:02:39"]

1. d4 e6 2. Nf3 d5 3. g3 Nf6 4. Bg2 Bd6 5. O-O O-O 6. c4 c6 7. Nbd2 Nbd7 8. Qc2 b6 9. e4 dxe4 10. Nxe4 Nxe4 11. Qxe4 Bb7 12. Qe2 c5 13. Be3 cxd4 14. Nxd4 Bxg2 15. Kxg2 Rc8 16. Rad1 Qe7 17. b3 Ne5 18. Bf4 Rfd8 19. Bxe5 1-0